| TOP OF THE 1ST |
|
Biloxi Shuckers batting - Pitching for Tennessee Smokies : RHP Heef Harted
|
|
Pitching: RHP Heef Harted
|
|
|
Batting: RHB Akitada Nishizawa
|
0-0: Called Strike 0-1: Foul Ball, location: 2F 0-2: Foul Ball, location: 2F 0-2: Fly out, F8 (Flyball, 8LM, EV 88.8 MPH)
|
|
Batting: SHB Jamel Wright
|
0-0: Ball 1-0: Foul Ball, location: 2F 1-1: Ball 2-1: Ground out 4-3 (Groundball, 4, EV 93.8 MPH)
|
|
Batting: LHB Mike Staley
|
0-0: Called Strike 0-1: Ball 1-1: Foul Ball, location: 2F 1-2: Ball 2-2: Fly out, F7 (Flyball, 7LM, EV 90.6 MPH)
|
| Top of the 1st over - 0 runs, 0 hits, 0 errors, 0 left on base; Biloxi 0 - Tennessee 0 |
| BOTTOM OF THE 1ST |
|
Tennessee Smokies batting - Pitching for Biloxi Shuckers : RHP Josh Pelletier
|
|
Pitching: RHP Josh Pelletier
|
|
|
Batting: LHB Brent Dutcher
|
0-0: Ball 1-0: Foul Ball, location: 2F 1-1: Foul Ball, location: 2F 1-2: Strikes out swinging
|
|
Batting: RHB Adam Kelliher
|
0-0: Called Strike 0-1: Ball 1-1: Foul Ball, location: 2F 1-2: Strikes out swinging
|
|
Batting: RHB Heitaro Tanaka
|
0-0: Called Strike 0-1: Fly out, F7 (Line Drive, 7, EV 91.2 MPH)
|
| Bottom of the 1st over - 0 runs, 0 hits, 0 errors, 0 left on base; Biloxi 0 - Tennessee 0 |
| TOP OF THE 2ND |
|
Biloxi Shuckers batting - Pitching for Tennessee Smokies : RHP Heef Harted
|
|
Batting: RHB Joe LaDue
|
0-0: Ball 1-0: Called Strike 1-1: Ball 2-1: Ground out 3-1 (Groundball, 34S, EV 87.5 MPH)
|
|
Batting: RHB Eddie McCoy
|
0-0: Ball 1-0: Swinging Strike 1-1: Foul Ball, location: 2F 1-2: Fly out, F5 (Popup, 5SF, EV 76.2 MPH)
|
|
Batting: RHB Mike Ball
|
0-0: Ball 1-0: Called Strike 1-1: Ball 2-1: Ball 3-1: Swinging Strike 3-2: Foul Ball, location: 2F 3-2: Strikes out looking
|
| Top of the 2nd over - 0 runs, 0 hits, 0 errors, 0 left on base; Biloxi 0 - Tennessee 0 |
| BOTTOM OF THE 2ND |
|
Tennessee Smokies batting - Pitching for Biloxi Shuckers : RHP Josh Pelletier
|
|
Batting: RHB Bobby Gray
|
0-0: Foul Ball, location: 2F 0-1: Foul Ball, location: 2F 0-2: Strikes out looking
|
|
Batting: LHB Brian Newton
|
0-0: Fly out, F9 (Flyball, 9, EV 88.1 MPH)
|
|
Batting: RHB Brian Warren
|
0-0: Called Strike 0-1: Ball 1-1: Ball 2-1: Ball 3-1: Fly out, F9 (Flyball, 9, EV 90.0 MPH)
|
| Bottom of the 2nd over - 0 runs, 0 hits, 0 errors, 0 left on base; Biloxi 0 - Tennessee 0 |
| TOP OF THE 3RD |
|
Biloxi Shuckers batting - Pitching for Tennessee Smokies : RHP Heef Harted
|
|
Batting: RHB Matthew Adams
|
0-0: Called Strike 0-1: Ball 1-1: Called Strike 1-2: Ball 2-2: Foul Ball, location: 2F 2-2: SINGLE (Line Drive, 78S, EV 93.8 MPH)
|
|
Batting: RHB Matt Saunders
|
0-0: Ball 1-0: Foul Ball, location: 2F 1-1: Fly out, F7 (Line Drive, 7, EV 98.1 MPH)
|
|
Batting: RHB Jamie Youngs
|
0-0: Ball Wild Pitch! Matthew Adams to second 1-0: Ball 2-0: Ball 3-0: Base on Balls
|
|
Batting: RHB Akitada Nishizawa
|
0-0: Ball 1-0: Called Strike 1-1: Fly out, F7 (Flyball, 7D, EV 98.8 MPH) Runner from 2nd tags up, SAFE at 3rd, no throw by LF
|
|
Batting: SHB Jamel Wright
|
0-0: Called Strike 0-1: Foul Ball, location: 2F 0-2: Foul Ball, location: 2F 0-2: Ball 1-2: Ball 2-2: Foul Ball, location: 2F 2-2: Foul Ball, location: 2F 2-2: Ball 3-2: Base on Balls Jamie Youngs to second
|
|
Batting: LHB Mike Staley
|
0-0: Swinging Strike 0-1: Ball 1-1: Ball 2-1: Ball 3-1: Swinging Strike 3-2: Ground out 5-3 (Groundball, 5L, EV 91.2 MPH)
|
| Top of the 3rd over - 0 runs, 1 hit, 0 errors, 3 left on base; Biloxi 0 - Tennessee 0 |
| BOTTOM OF THE 3RD |
|
Tennessee Smokies batting - Pitching for Biloxi Shuckers : RHP Josh Pelletier
|
|
Batting: SHB Rich Ranaldi
|
0-0: Fly out, F3 (Line Drive, 3, EV 70.6 MPH)
|
|
Batting: RHB John Iddings
|
0-0: Ball 1-0: Called Strike 1-1: Called Strike 1-2: Strikes out looking
|
|
Batting: RHB Chris Rosinsky
|
0-0: Ball 1-0: Ball 2-0: Called Strike 2-1: Swinging Strike 2-2: Ball 3-2: Base on Balls
|
|
Batting: LHB Brent Dutcher
|
0-0: Ball 1-0: Foul Ball, location: 2F 1-1: Foul Ball, location: 2F 1-2: Foul Ball, location: 2F 1-2: Ball 2-2: Ground out U3 (Groundball, 3, EV 102.5 MPH)
|
| Bottom of the 3rd over - 0 runs, 0 hits, 0 errors, 1 left on base; Biloxi 0 - Tennessee 0 |
| TOP OF THE 4TH |
|
Biloxi Shuckers batting - Pitching for Tennessee Smokies : RHP Heef Harted
|
|
Batting: RHB Joe LaDue
|
0-0: Ball 1-0: Called Strike 1-1: Ball 2-1: Called Strike 2-2: Ball 3-2: Foul Ball, location: 2F 3-2: Foul Ball, location: 2F 3-2: Foul Ball, location: 2F 3-2: Strikes out looking
|
|
Batting: RHB Eddie McCoy
|
0-0: Ball 1-0: SINGLE (Flyball, 3D, EV 101.9 MPH)
|
|
Batting: RHB Mike Ball
|
0-0: Called Strike 0-1: Ball 1-1: Grounds into double play, 6-4-3 (Groundball, 6MD, EV 80.0 MPH)
|
| Top of the 4th over - 0 runs, 1 hit, 0 errors, 0 left on base; Biloxi 0 - Tennessee 0 |
| BOTTOM OF THE 4TH |
|
Tennessee Smokies batting - Pitching for Biloxi Shuckers : RHP Josh Pelletier
|
|
Batting: RHB Adam Kelliher
|
0-0: Ball 1-0: Swinging Strike 1-1: Foul Ball, location: 2F 1-2: Ball 2-2: Foul Ball, location: 2F 2-2: Foul Ball, location: 2F 2-2: Ball 3-2: SINGLE (Groundball, 56S, EV 71.9 MPH) (infield hit)
|
|
Batting: RHB Heitaro Tanaka
|
0-0: Ball 1-0: Ball Adam Kelliher steals 2nd base (no throw) 2-0: Ball 3-0: Foul Ball, location: 2F 3-1: Foul Ball, location: 2F 3-2: Base on Balls
|
|
Batting: RHB Bobby Gray
|
0-0: Foul Ball, location: 2F 0-1: Ball 1-1: Swinging Strike 1-2: Fly out, F8 (Flyball, 8RXD, EV 96.9 MPH) Runner from 2nd tags up, SAFE at 3rd, no throw by CF
|
|
Batting: LHB Brian Newton
|
0-0: Foul Ball, location: 2F 0-1: Ball 1-1: Foul Ball, location: 2F 1-2: Grounds into double play, 6-4-3 (Groundball, 6, EV 83.1 MPH)
|
| Bottom of the 4th over - 0 runs, 1 hit, 0 errors, 1 left on base; Biloxi 0 - Tennessee 0 |
| TOP OF THE 5TH |
|
Biloxi Shuckers batting - Pitching for Tennessee Smokies : RHP Heef Harted
|
|
Batting: RHB Matthew Adams
|
0-0: Called Strike 0-1: Foul Ball, location: 2F 0-2: Fly out, F9 (Flyball, 9, EV 93.1 MPH)
|
|
Pitching: LHP Nate George
|
|
|
Batting: RHB Matt Saunders
|
0-0: Called Strike 0-1: Ground out 5-3 (Groundball, 56, EV 105.0 MPH)
|
|
Batting: RHB Jamie Youngs
|
0-0: Called Strike 0-1: Ball 1-1: Ball 2-1: Foul Ball, location: 2F 2-2: Ball 3-2: Base on Balls
|
|
Batting: RHB Akitada Nishizawa
|
0-0: Ball 1-0: Ball 2-0: Foul Ball, location: 2F 2-1: Ball 3-1: Called Strike 3-2: Ground out 5-3 (Groundball, 5, EV 106.2 MPH)
|
| Top of the 5th over - 0 runs, 0 hits, 0 errors, 1 left on base; Biloxi 0 - Tennessee 0 |
| BOTTOM OF THE 5TH |
|
Tennessee Smokies batting - Pitching for Biloxi Shuckers : RHP Josh Pelletier
|
|
Batting: RHB Brian Warren
|
0-0: Ground out 5-3 (Groundball, 56S, EV 91.9 MPH)
|
|
Batting: SHB Rich Ranaldi
|
0-0: Ball 1-0: Ground out U3 (Groundball, 3, EV 96.9 MPH)
|
|
Batting: RHB John Iddings
|
0-0: Ball 1-0: Foul Ball, location: 2F 1-1: Swinging Strike 1-2: Fly out, F6 (Popup, 4MD, EV 51.2 MPH)
|
| Bottom of the 5th over - 0 runs, 0 hits, 0 errors, 0 left on base; Biloxi 0 - Tennessee 0 |
| TOP OF THE 6TH |
|
Biloxi Shuckers batting - Pitching for Tennessee Smokies : LHP Nate George
|
|
Batting: SHB Jamel Wright
|
0-0: Ball 1-0: Foul Ball, location: 2F 1-1: Hit by Pitch
|
|
Batting: LHB Mike Staley
|
0-0: Ball 1-0: Ball Jamel Wright steals 2nd base 2-0: 2-RUN HOME RUN (Flyball, 9LD, EV 95.0 MPH), Distance : 339 ft
|
|
Batting: RHB Joe LaDue
|
0-0: Called Strike 0-1: Ball 1-1: Ball 2-1: Called Strike 2-2: Ball 3-2: Fly out, F4 (Flyball, 34D, EV 73.8 MPH)
|
|
Batting: RHB Eddie McCoy
|
0-0: Ball 1-0: Called Strike 1-1: Ball 2-1: Foul Ball, location: 2F 2-2: Foul Ball, location: 2F 2-2: Fly out, F2 (Popup, 23F, EV 80.0 MPH)
|
|
Batting: RHB Mike Ball
|
0-0: Ball 1-0: Called Strike 1-1: Ball 2-1: Swinging Strike 2-2: Ball 3-2: Foul Ball, location: 2F 3-2: Foul Ball, location: 2F 3-2: Foul Ball, location: 2F 3-2: Strikes out looking
|
| Top of the 6th over - 2 runs, 1 hit, 0 errors, 0 left on base; Biloxi 2 - Tennessee 0 |
| BOTTOM OF THE 6TH |
|
Tennessee Smokies batting - Pitching for Biloxi Shuckers : RHP Josh Pelletier
|
|
Batting: RHB Chris Rosinsky
|
0-0: Called Strike 0-1: Foul Ball, location: 2F 0-2: Ball 1-2: Strikes out swinging
|
|
Batting: LHB Brent Dutcher
|
0-0: Called Strike 0-1: Ball 1-1: Foul Ball, location: 2F 1-2: Foul Ball, location: 2F 1-2: Ball 2-2: Ball 3-2: Ground out U3 (Groundball, 3, EV 84.4 MPH)
|
|
Batting: RHB Adam Kelliher
|
0-0: Called Strike 0-1: Fly out, F9 (Line Drive, 9S, EV 93.8 MPH)
|
| Bottom of the 6th over - 0 runs, 0 hits, 0 errors, 0 left on base; Biloxi 2 - Tennessee 0 |
| TOP OF THE 7TH |
|
Biloxi Shuckers batting - Pitching for Tennessee Smokies : LHP Nate George
|
|
Pitching: RHP Devin Ward
|
|
|
Batting: RHB Matthew Adams
|
0-0: Swinging Strike 0-1: Ball 1-1: DOUBLE (Flyball, 78D, EV 115.0 MPH)
|
|
Pitching: RHP Rashid bin Ala'
|
|
|
Batting: RHB Matt Saunders
|
0-0: SINGLE (Line Drive, 34D, EV 95.0 MPH) Matthew Adams to third Runner from 3rd tries for Home, SAFE, throw by RF to home
|
|
Batting: RHB Jamie Youngs
|
0-0: Ball 1-0: Foul Ball, location: 2F 1-1: Swinging Strike 1-2: Ball 2-2: Grounds into double play, 6-4-3 (Groundball, 6, EV 85.0 MPH)
|
|
Batting: RHB Akitada Nishizawa
|
0-0: Ball 1-0: Ball 2-0: Ball 3-0: Base on Balls
|
|
Batting: SHB Jamel Wright
|
0-0: Called Strike Akitada Nishizawa steals 2nd base (no throw) 0-1: Ball 1-1: Fly out, F9 (Flyball, 89S, EV 81.2 MPH)
|
| Top of the 7th over - 1 run, 2 hits, 0 errors, 1 left on base; Biloxi 3 - Tennessee 0 |
| BOTTOM OF THE 7TH |
|
Tennessee Smokies batting - Pitching for Biloxi Shuckers : RHP Josh Pelletier
|
|
Batting: RHB Heitaro Tanaka
|
0-0: Ball 1-0: Ground out 5-3 (Groundball, 56, EV 90.6 MPH)
|
|
Batting: RHB Bobby Gray
|
0-0: Called Strike 0-1: Foul Ball, location: 2F 0-2: Foul Ball, location: 2F 0-2: Strikes out swinging
|
|
Batting: LHB Brian Newton
|
0-0: Foul Ball, location: 2F 0-1: Ground out 4-3 (Groundball, 34, EV 106.2 MPH)
|
| Bottom of the 7th over - 0 runs, 0 hits, 0 errors, 0 left on base; Biloxi 3 - Tennessee 0 |
| TOP OF THE 8TH |
|
Biloxi Shuckers batting - Pitching for Tennessee Smokies : RHP Rashid bin Ala'
|
|
Batting: LHB Mike Staley
|
0-0: Ball 1-0: Ball 2-0: Ball 3-0: Called Strike 3-1: Base on Balls
|
|
Batting: RHB Joe LaDue
|
0-0: Ball Mike Staley steals 2nd base (no throw) 1-0: Ball 2-0: Ball 3-0: Called Strike 3-1: Called Strike 3-2: DOUBLE (Line Drive, 8RXD, EV 107.5 MPH) Mike Staley scores
|
|
Pitching: RHP Bob Gilliam
|
|
|
Batting: RHB Eddie McCoy
|
0-0: Foul Ball, location: 2F 0-1: Ball 1-1: Swinging Strike 1-2: Ball 2-2: Strikes out swinging
|
|
Batting: RHB Mike Ball
|
0-0: Ball 1-0: Ball 2-0: Fly out, F8 (Flyball, 89D, EV 81.9 MPH) Runner from 2nd tags up, SAFE at 3rd, no throw by CF
|
|
Batting: RHB Matthew Adams
|
0-0: Ball 1-0: Called Strike 1-1: Called Strike 1-2: Ball 2-2: Strikes out swinging
|
| Top of the 8th over - 1 run, 1 hit, 0 errors, 1 left on base; Biloxi 4 - Tennessee 0 |
| BOTTOM OF THE 8TH |
|
Tennessee Smokies batting - Pitching for Biloxi Shuckers : RHP Josh Pelletier
|
|
Batting: RHB Brian Warren
|
0-0: Called Strike 0-1: Ball 1-1: Ball 2-1: Foul Ball, location: 2F 2-2: Fly out, F7 (Flyball, 78M, EV 76.9 MPH)
|
|
Pitching: LHP Nate Tate
|
|
|
Batting: SHB Rich Ranaldi
|
0-0: Foul Ball, location: 2F 0-1: Swinging Strike 0-2: Hit by Pitch
|
|
Batting: RHB John Iddings
|
0-0: Ball 1-0: Foul Ball, location: 2F 1-1: Swinging Strike 1-2: Foul Ball, location: 2F 1-2: Ball 2-2: Foul Ball, location: 2F 2-2: Ball 3-2: Foul Ball, location: 2F 3-2: Strikes out looking
|
|
Batting: RHB Chris Rosinsky
|
0-0: Ball 1-0: Foul Ball, location: 2F 1-1: Foul Ball, location: 2F 1-2: Foul Ball, location: 2F 1-2: Foul Ball, location: 2F 1-2: Ball 2-2: Ball 3-2: Foul Ball, location: 2F 3-2: Strikes out swinging
|
| Bottom of the 8th over - 0 runs, 0 hits, 0 errors, 1 left on base; Biloxi 4 - Tennessee 0 |
| TOP OF THE 9TH |
|
Biloxi Shuckers batting - Pitching for Tennessee Smokies : RHP Bob Gilliam
|
|
Batting: RHB Matt Saunders
|
0-0: Foul Ball, location: 2F 0-1: Ball 1-1: Foul Ball, location: 2F 1-2: Ball 2-2: Foul Ball, location: 2F 2-2: Ball 3-2: Ground out 3-1 (Groundball, 34, EV 83.8 MPH)
|
|
Batting: RHB Jamie Youngs
|
0-0: Ball 1-0: Called Strike 1-1: Foul Ball, location: 2F 1-2: Ball 2-2: Ball 3-2: Foul Ball, location: 2F 3-2: Strikes out looking
|
|
Pitching: RHP Mike Borell
|
|
|
Batting: RHB Akitada Nishizawa
|
0-0: Called Strike 0-1: SINGLE (Groundball, 56S, EV 68.1 MPH) (infield hit)
|
|
Batting: SHB Jamel Wright
|
0-0: Called Strike Akitada Nishizawa steals 2nd base 0-1: Ball 1-1: Called Strike 1-2: Ball 2-2: Fly out, F3 (Popup, 34, EV 65.0 MPH)
|
| Top of the 9th over - 0 runs, 1 hit, 0 errors, 1 left on base; Biloxi 4 - Tennessee 0 |
| BOTTOM OF THE 9TH |
|
Tennessee Smokies batting - Pitching for Biloxi Shuckers : LHP Nate Tate
|
|
Pitching: RHP Nick Butler
|
|
|
Batting: LHB Brent Dutcher
|
0-0: Called Strike 0-1: Called Strike 0-2: Strikes out swinging
|
|
Batting: RHB Adam Kelliher
|
0-0: Called Strike 0-1: Ball 1-1: Ball 2-1: Foul Ball, location: 2F 2-2: Foul Ball, location: 2F 2-2: Strikes out swinging
|
|
Batting: RHB Heitaro Tanaka
|
0-0: Fly out, F6 (Popup, 6, EV 75.6 MPH)
|
| Bottom of the 9th over - 0 runs, 0 hits, 0 errors, 0 left on base; Biloxi 4 - Tennessee 0 |
|